 Dungeon Crawl Stone Soup version 0.31.0-11-ge490571c62 (webtiles) character file.

Game seed: 10668001859801851528

1617 Esekla the Sneak (level 8, 0/52 HPs)
             Began as an Octopode Wanderer on Jan 29, 2024.
             Was an Initiate of Gozag.
             Succumbed to a gnoll sergeant's poison
             ... on level 7 of the Dungeon.
             The game lasted 00:28:19 (6536 turns).

Esekla the Sneak (Octopode Wanderer)                Turns: 6536, Time: 00:28:20

Health: 0/52       AC:  1    Str: 10    XL:     8   Next: 96%
Magic:  22/22      EV: 14    Int: 16    God:    Gozag
Gold:   822        SH:  4    Dex: 13    Spells: 10/13 levels left

rFire   . . .        a - +0 long sword
rCold   . . .        t - +0 buckler
rNeg    . . .        c - +0 hat
rPois   .            (no amulet)
rElec   .            d - ring of flight
rCorr   .            i - ring of magical power
SInv    .            (no ring)
Will    .....        (no ring)
Stlth   ++++         (no ring)
HPRegen 0.28/turn    (no ring)
MPRegen 0.18/turn    (no ring)
                     (no ring)

%: no passive effects
@: lethally poisoned (0 -> -26), flying
A: almost no armour, amphibious, 8 rings, camouflage 1, gelatinous body 1,
(nimble swimmer 1), tentacles
a: Renounce Religion, Potion Petition, Call Merchant, Bribe Branch


You were on level 7 of the Dungeon.
You worshipped Gozag.
Gozag was pleased with you.
You visited 2 branches of the dungeon, and saw 8 of its levels.

You collected 859 gold pieces.
You paid 37 gold pieces to Gozag.

Inventory:

Hand Weapons
 a - a +0 long sword (weapon)
 r - a +0 spear
 s - a +0 dagger
Missiles
 e - 10 poisoned darts (quivered)
Armour
 c - a +0 hat (worn)
 t - a +0 buckler (worn)
Jewellery
 d - a ring of flight (left tentacle)
 i - a ring of magical power (right tentacle)
 y - a ring of fire
Wands
 v - a wand of iceblast (7)
 A - a wand of flame (14)
Scrolls
 b - 4 scrolls of fog
 f - 2 scrolls of blinking
 g - 3 scrolls of noise {unknown}
 o - a scroll of fear {unknown}
 p - 2 scrolls of immolation {unknown}
 q - 4 scrolls of teleportation {unknown}
 w - a scroll of torment {unknown}
 z - a scroll of silence {unknown}
 B - a scroll of summoning {unknown}
Potions
 h - 2 potions of cancellation
 j - 3 potions of heal wounds
 k - a potion of lignification {unknown}
 l - 3 potions of curing
 m - 2 potions of brilliance
 n - 2 potions of berserk rage
 u - 2 potions of mutation
 x - a potion of enlightenment {unknown}


   Skills:
 * Level 3.3 Fighting
 + Level 2.5(3.0) Short Blades
 * Level 2.3(2.9) Long Blades
 + Level 1.6 Throwing
 * Level 4.9 Dodging
 + Level 5.1 Stealth
 * Level 3.2 Shields
 * Level 3.4 Spellcasting
 * Level 3.1 Conjurations
 + Level 1.0 Hexes
 + Level 3.8 Air Magic
 * Level 3.8 Alchemy
 + Level 1.0 Invocations


You had 10 spell levels left.
You knew the following spells:

 Your Spells              Type           Power      Damage    Failure   Level
c - Mephitic Cloud        Conj/Alch/Air  14%        N/A       19%         3

Your spell library contained the following spells:

 Spells                   Type           Power      Damage    Failure   Level
 Shock                    Conj/Air       56%        1d6       6%          1
 Swiftness                Air            15%        N/A       16%         3
 Slow                     Hex            24%        N/A       17%         1
 Necrotise                Necr           8%         1d4       26%         1
 Ensorcelled Hibernation  Hex/Ice        8%         N/A       32%         2
 Dazzling Flash           Conj/Hex       18%        N/A       32%         3
 Lesser Beckoning         Tloc           4%         N/A       36%         2
 Gell's Gravitas          Tloc           2%         N/A       61%         3
 Passwall                 Erth           2%         N/A       61%         3
 Teleport Other           Tloc           2%         N/A       61%         3
 Vhi's Electric Charge    Tloc/Air       16%        N/A       75%         4


Dungeon Overview and Level Annotations

Branches:
Dungeon (7/15)             Temple (1/1) D:4

Altars:
Cheibriados
Dithmenos
Fedhas
Gozag
Hepliaklqana
Kikubaaqudgha
Makhleb
Nemelex Xobeh
Qazlal
Ru
Sif Muna
Vehumet
Wu Jian
Xom
Yredelemnul
The Shining One

Annotations:
D:6 ice beast
D:7 Menkaure


Innate Abilities, Weirdness & Mutations

You cannot wear most types of armour.
You are amphibious.
You can wear up to eight rings at the same time.
Your skin changes colour to match your surroundings (Stealth+).
Your rubbery body absorbs attacks. (AC +1, EV +1)
((You are camouflaged when in or above water. (Stealth+)))
You have tentacles for arms and can constrict up to eight enemies at once.


Message History

There is a stone staircase leading up here.
You start waiting.
A shadow imp is nearby!
There is a stone staircase leading up here.
The shadow imp shouts, "Slither home, thou venomed flat-headed wagtail!"
You slash the shadow imp! You grab the shadow imp.
The shadow imp is severely wounded.
You constrict the shadow imp.
You kill the shadow imp!
You now have enough gold to fund merchants seeking to open stores in the dungeon.
You now have 804 gold pieces (gained 9).
Found a potion of curing.
Found a leather armour.
Found 18 gold pieces.
l - 3 potions of curing (gained 1)
Found a scroll of blinking.
Menkaure, Prince of Dust comes into view.
Found 18 gold pieces.
You see here 18 gold pieces.
You now have 822 gold pieces (gained 18).
You see here a +0 leather armour.
The orc wizard shouts!
The orc wizard casts a spell.
The orc wizard flickers and vanishes!
Deactivating autopickup; reactivate with Ctrl-A.
Something tries to affect you, but you resist.
The gnoll sergeant shouts!
The gnoll shouts! x2
The gnoll sergeant hits you from afar with a +0 spear of venom!
The gnoll sergeant hits you from afar with a +0 spear of venom!
You are poisoned.
The gnoll hits you from afar with a +0 spear!
* * * LOW HITPOINT WARNING * * *
You feel very sick.
The gnoll hits you from afar with a +0 spear.
* * * LOW HITPOINT WARNING * * *
The gnoll sergeant hits you from afar with a +0 spear of venom.
* * * LOW HITPOINT WARNING * * *
You are more poisoned.
You die...
Your body crumbles into a pile of gold.

..# ... #....# ## #......
### .. #....##.# ..#...#..
. ##.......# ..#......
#...⌠....##..#.##...
##♣...g)........ #...
#...gP........# #...
#######...gg...#... #...
#....<..#..)..##.#######[..
#.....>...@....{....5......
#.......###..###.........##
#.......# #....#.........#
#.......# ######.........#
#.......# #.........#
#.......# #.........#
#.......# #.........#
######... #.........#
#.........#


You could see a gnoll sergeant and 3 gnolls.

Vanquished Creatures
  Prince Ribbit (D:6)
  Eustachio (D:5)
  A steam dragon (D:6)
  Duvessa (D:5)
  An ice beast (D:6)
  A black bear (D:5)
  An ogre (D:6)
  A centaur (D:6)
  A bullfrog (D:6)
  2 scorpions
  Dowan (D:5)
  A howler monkey (D:5)
  A bombardier beetle (D:3)
  An orc priest (D:7)
  5 hounds
  A sleepcap (D:6)
  2 iguanas (D:5)
  6 adders
  3 shadow imps
  2 white imps (D:5)
  An ufetubus (D:6)
  4 ribbon worms
  3 dart slugs
  7 orcs
  2 bats
  4 endoplasms
  A giant cockroach (D:2)
  5 goblins
  4 hobgoblins
  6 quokkas
  5 ball pythons
  4 frilled lizards
  8 kobolds
  2 rats
90 creatures vanquished.

Notes
Turn   | Place    | Note
-------+----------+-------------------------------------------
     0 | D:1      | Esekla the Octopode Wanderer began the quest for the Orb.
     0 | D:1      | Esekla set off with the following items: a +0 dagger, a
                  | scroll of fog, a +0 hat; and the following spells available
                  | to memorise: Shock, Slow, Mephitic Cloud, Dazzling Flash,
                  | Vhi's Electric Charge.
     0 | D:1      | Reached XP level 1. HP: 13/13 MP: 2/2
   495 | D:2      | Reached XP level 2. HP: 18/18 MP: 3/3
   516 | D:2      | You are sucked into a shaft and drop 2 floors!
   516 | D:4      | Found a staircase to the Ecumenical Temple.
   520 | Temple   | Entered the Ecumenical Temple
   534 | Temple   | Became a worshipper of Gozag Ym Sagoz the Greedy
   940 | D:1      | Found a faded altar of an unknown god.
  1048 | D:1      | Reached XP level 3. HP: 18/23 MP: 4/4
  1073 | D:1      | Learned a level 3 spell: Mephitic Cloud
  1390 | D:2      | Reached skill level 1 in Alchemy
  1853 | D:3      | Found a snail-covered altar of Cheibriados.
  2072 | D:3      | Reached skill level 1 in Stealth
  2072 | D:3      | Reached XP level 4. HP: 8/29 MP: 6/6
  2181 | D:3      | Reached skill level 1 in Conjurations
  2294 | D:3      | Found an ancient bone altar of Kikubaaqudgha.
  2294 | D:3      | Found a shimmering blue altar of Sif Muna.
  2295 | D:3      | Found a radiant altar of Vehumet.
  2298 | D:3      | Got Kikubaaqudgha's Directory of Evil Secrets
  2671 | D:3      | Reached XP level 5. HP: 34/34 MP: 7/7
  3233 | D:4      | Found a shadowy altar of Dithmenos.
  3316 | D:4      | Reached skill level 1 in Short Blades
  3642 | D:5      | Entered Level 5 of the Dungeon
  3647 | D:5      | Noticed Eustachio
  3656 | D:5      | Noticed a black bear
  3661 | D:5      | Killed Eustachio
  3662 | D:5      | Reached skill level 2 in Stealth
  3662 | D:5      | Reached skill level 1 in Shields
  3662 | D:5      | Reached XP level 6. HP: 7/39 MP: 8/8
  3920 | D:5      | Killed a black bear
  4024 | D:5      | Reached XP level 7. HP: 44/45 MP: 10/10
  4152 | D:5      | Reached skill level 3 in Stealth
  4313 | D:5      | Noticed Duvessa
  4314 | D:5      | Identified the +2 robe of Idealism {Rampage ^Drain rN+++
                  | rCorr}
  4315 | D:5      | Noticed Dowan
  4323 | D:5      | Killed Duvessa
  4332 | D:5      | Killed Dowan
  4793 | D:6      | Reached skill level 4 in Stealth
  4793 | D:6      | Reached XP level 8. HP: 51/51 MP: 12/12
  4974 | D:6      | Reached skill level 1 in Long Blades
  5062 | D:6      | Reached skill level 1 in Throwing
  5181 | D:6      | Noticed Prince Ribbit
  5589 | D:6      | Killed Prince Ribbit
  5670 | D:6      | Reached skill level 5 in Stealth
  6515 | D:7      | Noticed Menkaure
  6536 | D:7      | Succumbed to a gnoll sergeant's poison

Illustrated notes

Levels and vault maps discovered:
D:1:      sevenhm_arrival_forest_fort_small_6, layout_rooms,
          chequers_ecumenical_altar_twisty
D:2:      minmay_kobold_bridge, layout_loops_ring
D:3:      layout_loops_corners, grunt_temple_overflow_magic_moments,
          mainiacjoe_overflow_chevrons, minmay_misc_feat_four_crosses,
          minmay_increasing_density
D:4:      layout_cave_pools, grunt_dithmenos_smoke_and_mirrors,
          minmay_temple_entry_junction_2
D:5:      layout_gridville, minmay_fractal_squares_gapless_5, uniq_eustachio,
          uniq_duvessa
D:6:      layout_gridville, uniq_prince_ribbit1
D:7:      layout_basic, serial_demonic, serial_demonic_b, serial_demonic_f,
          serial_demonic_e, serial_demonic_e, uniq_menkaure
Temple:   bh_familiar_temple

Skill      XL: |  1  2  3  4  5  6  7  8 |
---------------+-------------------------+-----
Alchemy        | 1 2 3 |  3.8
Stealth        | 1 2 4 5 |  5.1
Conjurations   | 1 2 3 |  3.1
Short Blades   | 1 2 |  2.5
Fighting       | 2 3 |  3.3
Dodging        | 4 |  4.9
Shields        | 1 2 3 |  3.2
Spellcasting   | 2 3 |  3.4
Long Blades    | 2 |  2.3
Throwing       | 1 |  1.6
Hexes          | |  1.0
Air Magic      | |  3.8
Invocations    | |  1.0

Action                     |  1- 3 |  4- 6 |  7- 9 || total
---------------------------+-------+-------+-------++-------
  Melee: Dagger            |    94 |    71 |    49 ||   214
         Constrict         |    28 |    13 |    28 ||    69
         Tentacles         |    23 |    18 |    31 ||    72
         Long sword        |       |       |    45 ||    45
         Punch             |       |       |     2 ||     2
  Throw: Dart              |       |     1 |    22 ||    23
   Cast: Mephitic Cloud    |     1 |     5 |    12 ||    18
    Use: Scroll            |       |     1 |     7 ||     8
   Stab: Sleeping          |     5 |     7 |     3 ||    15
         Confused          |     1 |     4 |     8 ||    13
 Armour: Skin              |    37 |    26 |    55 ||   118
  Dodge: Dodged            |    51 |    38 |    81 ||   170
  Block: Buckler           |       |     2 |    26 ||    28
